AoeStats
← kick/toti32

African Clearing

504153242Analyzed
4v4 RM · 1mo ago on Sep 4, 2026· 38m 27s· 8 players
Game mode
Random Map
Map size
Large (8 player)
Population
200
Speed
Normal
Resources
Standard
Victory
Conquest
Starting age
Dark Age
Ending age
Imperial Age
RankedLock teamsTeams togetherTeam positionsShared explorationLock speedFull tech treeHidden civsTurbo modeCheats
Victory
Defeat
940
+13
🇨🇳 Huns · China
929
+13
🇮🇳 Magyars · India
826
+18
🇨🇳 Burgundians · China
814
+19
🇦🇷 Huns · Argentina
906
-44
🇻🇳 Byzantines · Vietnam
896
-17
🇧🇷 Goths · Brazil
876
-16
🇦🇷 Spanish · Argentina
806
-13
kick/toti32
10:51 Loom
15:55 Feudal Age
18:42 Man-at-Arms
20:24 Town Watch
26:06 Wheelbarrow
31:44 Castle Age
34:24 Scale Mail Armor
34:17 Fletching
34:27 Padded Archer Armor
34:41 Forging
36:26 Bodkin Arrow
36:48 Leather Archer Armor
35:56 Elite Skirmisher
caramelo -
3:30 Loom
13:52 Feudal Age
13:57 Man-at-Arms
18:53 Scale Mail Armor
25:14 Castle Age
27:22 Wheelbarrow
27:07 Pikeman
35:40 Forging
35:24 Fletching
pepillorodriguez93
5:58 Loom
16:11 Feudal Age
19:32 Double-Bit Axe
20:03 Stone Mining
25:09 Castle Age
longkaka
8:46 Loom
17:14 Feudal Age
17:38 Man-at-Arms
20:24 Arson
26:08 Castle Age
31:00 Double-Bit Axe
32:09 Horse Collar
34:28 Gold Mining
3405514463
11:13 Horse Collar
12:24 Wheelbarrow
16:11 Feudal Age
14:57 Double-Bit Axe
15:01 Fishing Lines
17:32 Hand Cart
19:47 Bow Saw
23:56 Castle Age
22:10 Heavy Plow
22:30 Gillnets
23:05 Gold Mining
25:27 Husbandry
25:35 Scale Barding Armor
25:41 Forging
26:24 Cavalier
30:33 Stone Mining
31:18 Gold Shaft Mining
32:32 Treadmill Crane
35:27 Imperial Age
34:15 Two-Man Saw
33:58 Fortified Wall
34:50 Chain Barding Armor
35:06 Iron Casting
35:45 Paladin
37:23 Masonry
37:48 Burgundian Vineyards
38:04 Conscription
sinister is maveric
4:30 Loom
15:50 Feudal Age
20:38 Castle Age
20:23 Gold Mining
21:26 Fletching
22:30 Bodkin Arrow
26:05 Double-Bit Axe
27:51 Scale Barding Armor
29:37 Gold Shaft Mining
29:47 Wheelbarrow
28:57 Town Watch
29:40 Horse Collar
36:10 Imperial Age
34:11 Bow Saw
35:18 Chain Barding Armor
35:44 Gold Shaft Mining
35:38 Masonry
35:35 Corvinian Army
879769327
13:10 Feudal Age
17:31 Castle Age
16:55 Double-Bit Axe
19:39 Fletching
21:10 Bodkin Arrow
22:30 Wheelbarrow
26:16 Padded Archer Armor
28:18 Gold Mining
31:02 Hand Cart
32:44 Ballistics
伐伐伐伐伐伐 伐木工
6:32 Loom
17:25 Feudal Age
18:02 Feudal Age
21:04 Wheelbarrow
24:06 Castle Age
34:45 Double-Bit Axe
34:43 Horse Collar
38:26 Imperial Age
36:22 Ironclad
37:16 Fletching
38:06 Scale Barding Armor
38:03 Scale Mail Armor
38:50 Bow Saw
Connection lost

Rejoining the realm…

Still unreachable

The connection could not be restored.

Session expired

The server has moved on; the page needs a fresh start.